 Dungeon Crawl Stone Soup version 0.22-a0-419-g492bfec (webtiles) character file.

940 Gorice the Firebug (level 7, 0/36 HPs)
             Began as a Deep Elf Fire Elementalist on May 15, 2018.
             Was an Initiate of Vehumet.
             Slain by an iguana (11 damage)
             ... on level 6 of the Dungeon.
             The game lasted 00:19:28 (5160 turns).

Gorice the Firebug (Deep Elf Fire Elementalist)     Turns: 5160, Time: 00:19:29

Health: 0/36       AC:  4    Str:  5    XL:     7   Next: 88%
Magic:  14/18      EV: 13    Int: 22    God:    Vehumet [......]
Gold:   224        SH:  0    Dex: 15    Spells: 8/18 levels left

rFire    . . .     SeeInvis +   a - +2 dire flail (drain)
rCold    . . .     Gourm    .   (shield currently unavailable)
rNeg     . . .     Faith    .   x - +0 robe
rPois    .         Spirit   .   (no helmet)
rElec    .         Reflect  .   (no cloak)
rCorr    .         Harm     .   f - +1 pair of gloves
MR       .....                  (no boots)
Stlth    ++........             b - amulet of rage
HPRegen  0.12/turn              i - ring of see invisible
MPRegen  0.16/turn              (no ring)

@: no status effects
A: no striking features
a: Renounce Religion, Evoke Berserk Rage


You were on level 6 of the Dungeon.
You worshipped Vehumet.
Vehumet was noncommittal.
You were hungry.

You visited 2 branches of the dungeon, and saw 7 of its levels.

You collected 224 gold pieces.

Inventory:

Hand Weapons
 a - a +2 dire flail of draining (weapon)
   (You took it off Edmund on level 5 of the Dungeon)
 H - a +0 long sword of electrocution
   (You found it on level 5 of the Dungeon)
 J - a +1 short sword of venom
   (You took it off an orc on level 5 of the Dungeon)
Missiles
 g - 12 tomahawks (quivered)
 w - 4 curare-tipped needles
 E - 7 steel javelins
 Y - 89 stones
 Z - 3 throwing nets
Armour
 f - a +1 pair of gloves (worn)
 x - a +0 robe (worn)
Jewellery
 b - an amulet of rage (around neck)
 i - a ring of see invisible (left hand)
 y - an uncursed ring of ice
Wands
 r - a wand of random effects (38)
 v - a wand of digging (12)
 K - a wand of paralysis (21)
 L - a wand of disintegration (12)
Scrolls
 d - a scroll of magic mapping {!r}
 e - 3 scrolls of teleportation {!r}
 n - 2 scrolls of fog
 o - a scroll of amnesia
 s - a scroll of remove curse
 u - 3 scrolls of enchant armour
 A - 2 scrolls of blinking
 B - a scroll of fear {!r}
 C - a scroll of enchant weapon
Potions
 h - a potion of heal wounds {!q}
 j - 3 potions of brilliance {!q}
 k - 2 potions of ambrosia
 l - a potion of resistance {unknown}
 m - a potion of haste {unknown}
 p - 5 potions of curing
 q - a potion of magic {unknown}
 t - a potion of might {unknown}
 z - a potion of mutation {unknown}
 D - a potion of berserk rage {unknown}
 F - a potion of agility {!q}
 G - a potion of flight {unknown}
Comestibles
 c - 10 rations
 I - 6 chunks of flesh


   Skills:
 - Level 2.4 Dodging
 - Level 2.4 Stealth
 + Level 6.3 Spellcasting
 * Level 6.5 Conjurations
 * Level 6.6 Fire Magic


You had 8 spell levels left.
You knew the following spells:

 Your Spells              Type           Power        Failure   Level  Hunger
a - Flame Tongue          Conj/Fire      #####        1%          1    None
b - Throw Flame           Conj/Fire      #####.       1%          2    None
c - Conjure Flame         Conj/Fire      #####...     1%          3    #......
d - Sticky Flame          Conj/Fire      #####...     6%          4    ###....

Your spell library contained the following spells:

 Spells                   Type           Power        Failure   Level  Hunger
 Fireball                 Conj/Fire      #####.....   16%         5    #####..
 Confuse                  Hex            #.......     26%         3    #......
 Summon Small Mammal      Summ           #...         9%          1    None
 Regeneration             Chrm/Necr      #.........   26%         3    #......
 Tukima's Dance           Hex            #.......     26%         3    #......
 Ensorcelled Hibernation  Hex/Ice        #.....       13%         2    None
 Corona                   Hex            #......      9%          1    None
 Summon Hydra             Summ           #.........   100%        7    #######
 Inner Flame              Hex/Fire       ###.....     7%          3    #......
 Dazzling Spray           Conj/Hex       ###...       7%          3    #......


Dungeon Overview and Level Annotations

Branches:
Dungeon (6/15)             Temple (1/1) D:5

Altars:
Ashenzari
Cheibriados
Dithmenos
Elyvilon
Fedhas
Kikubaaqudgha
Makhleb
Nemelex Xobeh
Okawaru
Qazlal
Ru
Sif Muna
Trog
Uskayaw
Vehumet
Wu Jian
Xom
Yredelemnul
Lugonu


Message History

The fire ignites!
The bullfrog skeleton is engulfed in blazing flames.
The bullfrog skeleton barely misses you.
Found a ration.
You barely miss the bullfrog skeleton.
The bullfrog skeleton is heavily damaged.
The bullfrog skeleton misses you.
The bullfrog skeleton closely misses you.
You puncture the bullfrog skeleton!
The bullfrog skeleton is almost destroyed.
The bullfrog skeleton hits you but does no damage.
You puncture the bullfrog skeleton!
You destroy the bullfrog skeleton!
Vehumet accepts your kill.
A - 2 scrolls of blinking (gained 1)
Found 15 stones.
c - 10 rations (gained 1)
Y - 89 stones (gained 15)
Found 17 arrows.
An iguana comes into view.
Found 4 tomahawks.
A centaur comes into view.
The iguana hisses angrily.
The centaur shouts!
The centaur wields a shortbow.
The centaur shoots an arrow.
The arrow misses you.
You see here an arrow.
An ice beast comes into view.
The centaur shoots an arrow.
The arrow hits you but does no damage.
You see here an arrow.
The centaur shoots an arrow.
The arrow barely misses you.
You closely miss the iguana.
The centaur shoots an arrow.
The arrow hits you! The iguana bites you!
* * * LOW HITPOINT WARNING * * *
The centaur shoots an arrow.
The arrow hits you.
* * * LOW HITPOINT WARNING * * *
You are too injured to fight recklessly!
Damage: 25 (max 25) Unknown command.
You see here an arrow.
Casting: Conjure Flame (safe; 1% risk of failure)
Confirm with . or Enter, or press ? or * to list all spells.
Aiming: Sticky Flame (safe; 6% risk of failure)
Press: ? - help, Shift-Dir - straight line, f - centaur
Aim: a centaur, wielding a shortbow The sticky flame hits the centaur.
The centaur is lightly wounded.
The centaur is covered in liquid flames!
You are feeling hungry.
The centaur burns!
The iguana bites you!
You die...

#.#.## #.#............#
#....## #...####....#..#
###...###..###..........
####.#.### #.#....)..#
##.## #.#.......# #.#
#.#......## ##.##
#.##..#..# #...#
#.##..#..# #.@(#
#........#


#clY# ####.#.#.## #(..# #......# #...........# #.#.#..# ...............
...#.#... ..............####.#..#.# ###...#..(##### #.##.#># ##..#...# #. #.#.#
...#.#.# ....# You could see an ice beast, a centaur (burning) and an iguana.

Vanquished Creatures
  Edmund (D:5)
  An ogre (D:6)
  A scorpion (D:4)
  A howler monkey (D:5)
  A bullfrog zombie (D:6)
  4 orc priests
  2 jellies
  A bullfrog skeleton (D:6)
  A centaur skeleton (D:5)
  Jessica (D:3)
  Natasha (D:2)
  6 orc wizards
  7 adders
  2 oozes
  An adder skeleton (D:4)
  A worm (D:3)
  A dart slug (D:4)
  4 leopard geckos
  19 orcs
  5 giant cockroaches
  6 hobgoblins
  5 jackals (D:3)
  6 kobolds
  2 quokkas
  A ball python (D:2)
  5 bats
  4 frilled lizards
  A goblin (D:3)
  A jackal zombie (D:5)
  7 rats
99 creatures vanquished.

Notes
Turn   | Place    | Note
-------+----------+-------------------------------------------
     0 | D:1      | Gorice the Deep Elf Fire Elementalist began the quest for the Orb.
     0 | D:1      | Reached XP level 1. HP: 10/10 MP: 6/6
   133 | D:1      | Reached skill level 2 in Conjurations
   133 | D:1      | Reached XP level 2. HP: 15/15 MP: 0/8
   837 | D:2      | Found a sparkling altar of Nemelex Xobeh.
   970 | D:2      | Reached XP level 3. HP: 19/19 MP: 6/10
   971 | D:2      | Found a shimmering altar of Xom.
   992 | D:2      | Found a blossoming altar of Fedhas.
  1005 | D:2      | Found a stormy altar of Qazlal.
  1042 | D:2      | Noticed Natasha
  1048 | D:2      | Killed Natasha
  1048 | D:2      | Reached skill level 4 in Spellcasting
  1048 | D:2      | Reached skill level 3 in Conjurations
  1185 | D:2      | Found a bloodstained altar of Trog.
  1214 | D:2      | Reached XP level 4. HP: 24/24 MP: 8/12
  1776 | D:3      | Reached skill level 4 in Fire Magic
  1784 | D:3      | Reached XP level 5. HP: 25/28 MP: 4/13
  2012 | D:3      | Noticed Jessica
  2029 | D:3      | Killed Jessica
  2029 | D:3      | Reached skill level 4 in Conjurations
  2667 | D:4      | Learned a level 2 spell: Throw Flame
  2671 | D:4      | Learned a level 3 spell: Conjure Flame
  2685 | D:4      | Reached skill level 5 in Spellcasting
  2697 | D:4      | Reached XP level 6. HP: 17/32 MP: 2/15
  2928 | D:4      | Found a bloodstained altar of Trog.
  2940 | D:4      | Reached skill level 5 in Fire Magic
  3018 | D:4      | Found a white marble altar of Elyvilon.
  3032 | D:4      | HP: 7/32 [orc wizard/puff of frost (11)]
  3033 | D:4      | Reached skill level 5 in Conjurations
  3381 | D:4      | Found a sacrificial altar of Ru.
  3476 | D:4      | Found a blossoming altar of Fedhas.
  3869 | D:5      | Entered Level 5 of the Dungeon
  3920 | D:5      | Found a staircase to the Ecumenical Temple.
  3932 | Temple   | Entered the Ecumenical Temple
  4167 | D:5      | Found a burning altar of Makhleb.
  4175 | D:5      | Noticed a blizzard demon
  4179 | D:5      | Noticed an orange demon
  4179 | D:5      | Noticed an orange demon
  4200 | D:5      | Found an iron altar of Okawaru.
  4209 | D:5      | Reached XP level 7. HP: 32/36 MP: 10/17
  4215 | D:5      | Learned a level 4 spell: Sticky Flame
  4220 | D:5      | Noticed Edmund
  4270 | D:5      | Killed Edmund
  4388 | D:5      | Found a radiant altar of Vehumet.
  4401 | D:5      | Became a worshipper of Vehumet
  4425 | D:5      | Identified the Reference Book on Evil Illusion
  4462 | D:5      | Reached skill level 6 in Fire Magic
  4467 | D:5      | Reached skill level 6 in Spellcasting
  4467 | D:5      | Reached skill level 6 in Conjurations
  5160 | D:6      | Slain by an iguana

Vault maps used:
D:1:      lordsloth_arrival_two_stooges, minmay_misc_feat_x
D:2:      grunt_temple_overflow_forces_of_nature,
          nicolae_overflow_crystal_walls, overflow_temple_1_default,
          bloody_trog, uniq_natasha
D:3:      uniq_jessica
D:4:      kennysheep_mini, kennysheep_mini_moat, overflow_temple_1_default,
          first_ration, corexii_hall_statues_i, minmay_large_rounded_square,
          fedhas_altar_4
D:5:      kennysheep_little_box, makhleb_altar_promises_db,
          minmay_temple_entry_glassed_door, basic_altar, uniq_edmund
D:6:      lemuel_doored_altar, zin_statuary
Temple:   corrupted_temple

Skill      XL: |  1  2  3  4  5  6  7 |
---------------+----------------------+-----
Conjurations   | 2 3 4 5 6 |  6.5
Spellcasting   | 4 5 6 |  6.3
Fire Magic     | 4 5 6 |  6.6
Dodging        | |  2.4
Stealth        | |  2.4

Action                   |  1- 3 |  4- 6 |  7- 9 || total
-------------------------+-------+-------+-------++-------
Melee: Mace              |       |     6 |       ||     6
       Dire flail        |       |       |    10 ||    10
 Cast: Flame Tongue      |    43 |   114 |    21 ||   178
       Conjure Flame     |       |     4 |     4 ||     8
       Throw Flame       |       |       |    13 ||    13
       Sticky Flame      |       |       |     1 ||     1
Evoke: Wand              |       |     1 |       ||     1
  Use: Scroll            |     8 |     7 |     2 ||    17
  Eat: Chunk             |       |     8 |     1 ||     9
       Ration            |       |       |     1 ||     1
Armor: Robe              |       |    10 |     2 ||    12
Dodge: Dodged            |     5 |    23 |    11 ||    39

Table legend:
 A = Spawn XP
 B = Non-spawn XP
 C = Spawn XP percentage of total XP
 D = Spawn monster count
 E = Non-spawn monster count
 F = Spawn count percentage of total count
 G = Total turns spent on level
                    A         B        C        D         E        F      G
               +---------+---------+-------+---------+---------+-------+---------
         Total |       0 |    1344 |   0.0 |       0 |      99 |   0.0 |  5160
               +---------+---------+-------+---------+---------+-------+---------
           D:1 |       0 |      25 |   0.0 |       0 |      15 |   0.0 |   763
           D:2 |       0 |      80 |   0.0 |       0 |      12 |   0.0 |   730
           D:3 |       0 |     161 |   0.0 |       0 |      30 |   0.0 |  1061
           D:4 |       0 |     400 |   0.0 |       0 |      27 |   0.0 |  1318
           D:5 |       0 |     468 |   0.0 |       0 |      12 |   0.0 |  1025
           D:6 |       0 |     210 |   0.0 |       0 |       3 |   0.0 |   224
               +---------+---------+-------+---------+---------+-------+---------

Table legend:
 A = Turns spent in this place as a percentage of turns spent in the entire game.
 B = Non-inter-level travel turns spent in this place as a percentage of non-inter-level travel turns spent in the entire game.
 C = Inter-level travel turns spent in this place as a percentage of turns spent in this place.
 D = Turns resting spent in this place as a percentage of non-inter-level travel turns spent in this place.
 E = Turns spent auto-exploring this place as a percentage of non-inter-level travel turns spent in this place.
 F = Non-inter-level travel turns spent in this place divided by the number of levels of this place that you've seen.
                   A       B       C       D       E      F
               +-------+-------+-------+-------+-------+----------------------
         Total | 100.0 | 100.0 |   5.9 |  13.9 |  59.5 | 693.3
       Dungeon |  99.2 |  99.2 |   6.0 |  14.0 |  59.4 | 802.3
        Temple |   0.8 |   0.8 |   0.0 |   0.0 |  64.1 |  39.0
               +-------+-------+-------+-------+-------+----------------------

Vault maps used:
D:1:      lordsloth_arrival_two_stooges, minmay_misc_feat_x
D:2:      grunt_temple_overflow_forces_of_nature,
          nicolae_overflow_crystal_walls, overflow_temple_1_default,
          bloody_trog, uniq_natasha
D:3:      uniq_jessica
D:4:      kennysheep_mini, kennysheep_mini_moat, overflow_temple_1_default,
          first_ration, corexii_hall_statues_i, minmay_large_rounded_square,
          fedhas_altar_4
D:5:      kennysheep_little_box, makhleb_altar_promises_db,
          minmay_temple_entry_glassed_door, basic_altar, uniq_edmund
D:6:      lemuel_doored_altar, zin_statuary
Temple:   corrupted_temple
